 Dungeon Crawl Stone Soup version 0.31-a0-446-g07c4bd200f (webtiles) character file.

Game seed: 16125466293537626825

105238 MacCMillion the Warrior (level 15, -11/205 (211) HPs)
             Began as a Green Draconian Shapeshifter on Aug 3, 2023.
             Was the Champion of Okawaru.
             Mangled by a tengu reaver
             ... wielding a +2 war axe of electrocution
              (18 damage)
             ... on level 14 of the Dungeon.
             The game lasted 01:09:51 (36531 turns).

MacCMillion the Warrior (DrSh)                     Turns: 36531, Time: 01:09:52

HP:   -11/205 (211) AC: 21    Str: 31    XL:     15   Next: 94%
MP:   21/21         EV: 11    Int:  8    God:    Okawaru [******]
Gold: 2847          SH:  0    Dex: 16    Spells: 14/14 levels left

rFire   + .          .
                       - Unarmed
rCold   x . .        (shield currently unavailable)
rNeg    . . .        (body armour unavailable)
rPois   +            (helmet currently unavailable)
rElec   .            (cloak currently unavailable)
rCorr   .            (gloves currently unavailable)
SInv    .            (boots currently unavailable)
Will    +....        f - amulet of regeneration
Stlth   +            P - ring of fire
HPRegen 1.34/turn    Z - +4 ring of protection
MPRegen 0.17/turn

%: no passive effects
@: dragon-form, corroded, flying, studying Maces & Flails, lightly drained
A: dragon claw, dragon scales, flying, boosted hp, breathe noxious fumes, AC +9,
giant, unfitting armour, stinger 1, (poison resistance), (cold-blooded), subdued
magic 1
a: Breathe Noxious Fumes, Begin Untransformation, Renounce Religion, Heroism,
Finesse, Duel


You were on level 14 of the Dungeon.
You worshipped Okawaru.
Okawaru was exalted by your worship.
You were a fearsome swamp dragon!
You visited 4 branches of the dungeon, and saw 23 of its levels.
You also visited: Gauntlet.

You collected 2927 gold pieces.
You spent 80 gold pieces at shops.

Inventory:

Missiles
 t - 5 curare-tipped darts
 x - a throwing net
 A - 10 javelins
 N - 17 silver javelins
Armour
 T - the scarf of Caseif {shadows, Rampage}
   (Okawaru gifted it to you on level 3 of the Lair of Beasts)

   Rampage:   It bestows one free step when moving towards enemies.
 V - a +2 pair of gloves of hurling
Jewellery
 f - an amulet of regeneration (around neck)
 l - a +6 ring of strength
 o - a +5 ring of evasion
 K - a ring of protection from cold
 M - a ring of see invisible
 P - a ring of fire (left foreclaw)
 S - the amulet of Siqei {Reflect *Corrode rF- Will+++ SH+5 SInv}
   (You found it in a Gauntlet)

   [amulet of reflection]

   It reflects blocked missile attacks.
   rF:        It makes you vulnerable to fire.
   SInv:      It lets you see invisible.
   *Corrode:  It may corrode you when you take damage.
   SH:        It affects your SH (+5).
   Will:      It greatly increases your willpower.
 U - the dreamshard necklace {Acrobat *Dream}
   (You found it in a Gauntlet)

   [amulet of the acrobat]

   *Dream:    It absorbs a single lethal wound into itself, holding its wearer
   just short of death and releasing dream-creatures to guard them.
   It increases your evasion while moving and waiting.
 Z - a +4 ring of protection (right foreclaw)
Talismans
 b - a beast talisman
 F - a dragon-blood talisman (active)
Wands
 n - a wand of digging (10)
 r - a wand of light (13)
 y - a wand of roots (33)
 H - a wand of flame (48)
 I - a wand of paralysis (11)
 O - a wand of mindburst (11)
 X - a wand of polymorph (16)
Scrolls
 c - a scroll of fog
 e - 9 scrolls of teleportation
 g - 2 scrolls of torment
 h - 2 scrolls of revelation
 i - a scroll of poison
 k - 3 scrolls of blinking
 m - 3 scrolls of fear
 q - 3 scrolls of noise
 u - 3 scrolls of butterflies {unknown}
 w - 2 scrolls of vulnerability {unknown}
 C - 2 scrolls of brand weapon {unknown}
 D - 4 scrolls of enchant armour
 G - a scroll of silence
 Y - 2 scrolls of immolation {unknown}
Potions
 a - a potion of ambrosia {unknown}
 d - 3 potions of mutation
 j - 6 potions of curing
 p - a potion of resistance {unknown}
 v - 4 potions of attraction
 z - 2 potions of berserk rage {unknown}
 B - 3 potions of haste
 E - 4 potions of might
 J - 2 potions of enlightenment {unknown}
 L - 3 potions of invisibility
 R - 4 potions of cancellation
Miscellaneous
 Q - a lightning rod (4/4)
 W - a condenser vane (inert)


   Skills:
 - Level 15.0 Fighting
 + Level 8.5 Dodging
 + Level 14.8 Unarmed Combat
 - Level 8.0 Invocations
 + Level 5.1 Evocations
 + Level 15.0 Shapeshifting


You had 14 spell levels left.
You didn't know any spells.
Your spell library contained the following spells:

 Spells                   Type           Power      Damage    Failure   Level
 Apportation              Tloc           0%         N/A       36%         1
 Necrotise                Necr           0%         1d4       36%         1
 Sandblast                Erth           0%         2d4       36%         1
 Sting                    Tmut/Pois      0%         1d3       36%         1
 Blink                    Tloc           0%         N/A       50%         2
 Lesser Beckoning         Tloc           0%         N/A       50%         2
 Momentum Strike          Conj/Tloc      0%         3d8       50%         2
 Poisonous Vapours        Pois/Air       0%         N/A       50%         2
 Scorch                   Fire           0%         2d5       50%         2
 Dazzling Flash           Conj/Hex       0%         N/A       75%         3
 Mephitic Cloud           Conj/Pois/Air  0%         N/A       75%         3
 Portal Projectile        Hex/Tloc       0%         N/A       75%         3
 Vampiric Draining        Necr           0%         2d6       75%         3
 Vhi's Electric Charge    Tloc/Air       0%         N/A       75%         3
 Volatile Blastmotes      Fire/Tloc      0%         2d10      75%         3
 Cause Fear               Hex            0%         N/A       99%         4
 Flame Wave               Conj/Fire      0%         2d4       99%         4
 Iskenderun's Mystic Bla  Conj/Tloc      0%         2d3       99%         4
 Leda's Liquefaction      Hex/Erth       0%         N/A       99%         4
 Olgreb's Toxic Radiance  Pois           0%         N/A       99%         4
 Agony                    Necr           0%         N/A       100%        5
 Alistair's Intoxication  Tmut/Pois      0%         N/A       100%        5
 Arcjolt                  Conj/Air       0%         1d10      100%        5
 Borgnjor's Vile Clutch   Necr/Erth      0%         N/A       100%        5
 Fireball                 Conj/Fire      0%         3d3       100%        5
 Lee's Rapid Deconstruct  Erth           0%         3d4*      100%        5
 Leda's Unmaking          Conj/Erth      0%         9d1       100%        6
 Starburst                Conj/Fire      0%         6d3       100%        6
 Orb of Destruction       Conj           0%         9d5       100%        7
 Maxwell's Capacitive Co  Air            0%         ∞         100%        8
 Summon Small Mammal      Summ           Unusable   N/A       N/A         1
 Tukima's Dance           Hex            Unusable   N/A       N/A         3
 Animate Dead             Necr           Unusable   N/A       N/A         4
 Death Channel            Necr           Unusable   N/A       N/A         6
 Summon Cactus Giant      Summ           Unusable   N/A       N/A         6
 Dragon's Call            Summ           Unusable   N/A       N/A         9

Dungeon Overview and Level Annotations

Branches:
Dungeon (15/15)            Temple (1/1) D:4            Lair (5/5) D:11
 Shoals (0/4) Lair:2        Snake (0/4) Lair:3        Slime (0/5) Lair:4
    Orc (2/2) D:11            Elf (0/3) Orc:2        Vaults (0/5) D:14
 Depths (0/4) D:15        Gauntlet (visited)

Altars:
Ashenzari
Cheibriados
Dithmenos
Elyvilon
Fedhas
Gozag
Hepliaklqana
Kikubaaqudgha
Makhleb
Nemelex Xobeh
Okawaru
Qazlal
Ru
Sif Muna
Trog
Uskayaw
Vehumet
Wu Jian
Xom
Yredelemnul
Zin
The Shining One
Jiyva

Shops:
D:6 (*   D:7 (   D:10 ?   Orc:2 !*[*

Annotations:
D:3 4 runed translucent doors, Beaer's ghost, amateur DsFi; Crazy Yiuf
D:10 exclusion: door
Lair:3 exclusion: ice statue


Innate Abilities, Weirdness & Mutations

You are a fearsome swamp dragon!
You have a powerful clawing attack.
Your giant scaled body is strong and resiliant, but less evasive.
Your breath weapon is enhanced in this form.
You are flying.
Your maximum health is greatly increased.
Your armour is entirely melded.
You are incapable of wielding weapons or throwing items.
You can breathe blasts of noxious fumes.
Your lurid green scales are hard. (AC +9)
You cannot fit into any form of body armour.
Your tail ends in a venomous barb.
((Your system is resistant to poisons. (rPois)))
((You are cold-blooded and may be slowed by cold attacks.))
Your spells are a little easier to cast, but a little less powerful.


Message History

The tengu reaver hits you but does no damage.
The tengu reaver pecks you but does no damage.
The tengu reaver claws you but does no damage.
You claw the tengu reaver!
You tail-slap the tengu reaver, but do no damage.
The tengu reaver is almost dead.
You hit the tengu reaver but do no damage.
Your tail-slap misses the tengu reaver.
The tengu reaver is almost dead.
You have got your breath back.
The tengu reaver hits you but does no damage.
The tengu reaver pecks you but does no damage.
The tengu reaver completely misses you. The tengu reaver blocks your attack.
The tengu reaver is almost dead.
The tengu reaver points at you and mumbles some strange words.
The bolt of acid hits you!!!
* * * LOW HITPOINT WARNING * * *
The acid corrodes you!
Okay, then.
You feel much better.
The tengu reaver hits you with a +2 war axe of electrocution!!
* * * LOW HITPOINT WARNING * * *
The tengu reaver pecks you.
* * * LOW HITPOINT WARNING * * *
The tengu reaver barely misses you.
You closely miss the tengu reaver. You claw the tengu reaver.
Your bite misses the tengu reaver.
The tengu reaver is almost dead.
You closely miss the tengu reaver.
Your tail-slap misses the tengu reaver.
The tengu reaver is almost dead.
The tengu reaver hits you with a +2 war axe of electrocution!
* * * LOW HITPOINT WARNING * * *
The tengu reaver closely misses you. x2
Unknown command.
The tengu reaver blocks your attack.
The tengu reaver is almost dead.
The tengu reaver hits you but does no damage.
You are electrocuted!!
You die...

#.##..#...#...#.....)..#...#..
#.##..#..##...##...........#..
#.##.....#.....#.....).)...#..
#.##....##.....##......#...###
#.##.[..#.......#......#......
#.##...##.⌠...⌠.##.....#......
#.##...#.........#.....#...###
#.##..######'######....#...#..
####.##..#>[...QD(..>#....#...#..
#....##.##...........##...#...#..
#....##..#<.........<#....#...#..
#.##.##..######+######....#...#..
#.##.##...# #.....#...###
#.##.##...## ##.....#......
#.##.##....# #.............
#.##.##....## ##..#..........
#.##.##.....# #...#...#>.##..


You could see a tengu reaver.

Vanquished Creatures
  An ironbound preserver (D:14)
  A stone giant (D:14)
  4 dire elephants
  A minotaur (Gauntlet)
  Josephine (Lair:5)
  9 hydras
  5 ogre magi
  5 boulder beetles
  22 two-headed ogres
  Erica (Lair:2)
  2 alligators (Lair:4)
  6 centaur warriors
  A death knight (D:14)
  Urug (D:10)
  A deep troll earth mage (D:15)
  7 death yaks
  2 spectral dire elephants (Lair:5)
  3 tengu warriors
  A soul eater (Gauntlet)
  A spectral death yak (Lair:5)
  2 skeletal warriors (D:14)
  A skyshark (Lair:3)
  Lodul (D:11)
  A goliath frog (Lair:4)
  A spectral anaconda (Lair:5)
  4 orc knights
  An obsidian statue (Lair:5)
  A wolf spider (D:14)
  4 deep elf pyromancers
  4 necromancers (Lair:5)
  4 ugly things
  2 orc sorcerers (Orc:2)
  7 cyclopes
  13 elephants
  An apocalypse crab (Gauntlet)
  4 black mambas
  An ice statue (Gauntlet)
  2 gargoyles
  10 cane toads
  An orange demon (D:9)
  A rust devil (D:9)
  Maggie (D:7)
  3 efreet
  A kobold demonologist (D:10)
  2 rime drakes (Lair:5)
  9 komodo dragons
  3 tengu conjurers
  2 ice devils (D:9)
  2 yaktaurs (D:15)
  A komodo dragon (shapeshifter) (D:13)
  A freezing wraith (D:15)
  A troll (shapeshifter) (D:15)
  8 trolls
  A hellwing (D:9)
  3 meliai (D:13)
  A polar bear (Lair:3)
  A tyrant leech (Lair:4)
  4 hornets
  Grinder (D:3)
  17 blink frogs
  4 basilisks
  11 wraiths
  A centaur simulacrum (D:14)
  25 yaks
  A shadow (D:12)
  A vampire (D:12)
  4 wyverns
  A death yak simulacrum (Lair:5)
  2 neqoxecs (D:9)
  5 wargs
  2 spectral cane toads (Lair:5)
  Edmund (D:4)
  9 vampire mosquitoes
  A swamp worm (Lair:4)
  3 nagas (Lair:3)
  5 acid dragons
  15 water moccasins
  19 orc warriors
  A swamp drake (Lair:4)
  A black bear (Lair:1)
  2 elephant zombies (Lair:5)
  6 ice beasts (Lair:3)
  12 wolves
  29 ogres
  A wolf (shapeshifter) (D:15)
  13 centaurs
  A kobold brigand (D:10)
  9 bullfrogs
  A cane toad simulacrum (Lair:5)
  2 scorpions
  9 wights
  2 elephant simulacra (Lair:5)
  4 killer bees (D:8)
  8 howler monkeys
  4 hounds
  14 orc priests
  5 jellies
  3 gnoll boudas
  2 iguanas (D:5)
  Ijyb (D:3)
  Terence (D:3)
  28 orc wizards
  2 boggart simulacra (D:15)
  24 gnolls
  6 adders
  4 shadow imps (Gauntlet)
  5 white imps
  4 ufetubi
  3 worms
  83 orcs
  11 ball pythons
  7 bats
  4 endoplasms
  5 giant cockroaches
  5 goblins
  6 hobgoblins
  A quokka (D:3)
  6 frilled lizards
  5 kobolds
  7 rats
660 creatures vanquished.

Vanquished Creatures (others)
  A rime drake (Gauntlet)
  A slime creature (D:14)
2 creatures vanquished.

Grand Total: 662 creatures vanquished

Notes
Turn   | Place    | Note
-------+----------+-------------------------------------------
     0 | D:1      | MacCMillion the Draconian Shapeshifter began the quest for
                  | the Orb.
     0 | D:1      | Reached XP level 1. HP: 16/16 MP: 1/1
    85 | D:1      | Reached XP level 2. HP: 23/23 MP: 2/2
   764 | D:2      | Reached XP level 3. HP: 29/29 MP: 3/3
  1116 | D:2      | Found a faded altar of an unknown god.
  1235 | D:2      | Reached XP level 4. HP: 37/37 MP: 4/4
  1628 | D:3      | Found a runed translucent gate.
  1632 | D:3      | Found a runed translucent gate.
  1632 | D:3      | Found a runed translucent gate.
  1633 | D:3      | Noticed Beaer's ghost (amateur DsFi)
  1857 | D:3      | Noticed Terence
  1857 | D:3      | You fall into a shaft and drop 2 floors!
  1857 | D:5      | Entered Level 5 of the Dungeon
  1866 | D:5      | Reached skill level 5 in Unarmed Combat
  2002 | D:4      | Noticed a scorpion
  2014 | D:5      | Killed a scorpion
  2015 | D:5      | Reached XP level 5. HP: 45/45 MP: 5/5
  2099 | D:5      | Reached XP level 6. HP: 42/52 MP: 6/6
  2156 | D:4      | Found a staircase to the Ecumenical Temple.
  2338 | Temple   | Entered the Ecumenical Temple
  2354 | Temple   | Became a worshipper of Warmaster Okawaru
  2430 | D:3      | Killed Terence
  2625 | D:3      | Noticed Grinder
  2630 | D:3      | Paralysed by Grinder for 4 turns
  2630 | D:3      | Noticed Ijyb
  2647 | D:3      | Killed Ijyb
  2648 | D:3      | Paralysed by Grinder for 4 turns
  2667 | D:3      | Paralysed by Grinder for 5 turns
  2679 | D:3      | Killed Grinder
  2679 | D:3      | Reached * piety under Okawaru
  2680 | D:3      | Your scales start taking on a lurid green colour.
  2680 | D:3      | Reached XP level 7. HP: 23/60 MP: 7/7
  2680 | D:3      | Gained mutation: Your system is resistant to poisons.
                  | (rPois) [Green Draconian growth]
  3104 | D:3      | Found a runed translucent door.
  3105 | D:3      | Noticed Crazy Yiuf
  3679 | D:4      | Noticed Edmund
  3693 | D:4      | Killed Edmund
  3694 | D:4      | Reached skill level 5 in Fighting
  4005 | D:4      | Found a shimmering altar of Xom.
  4005 | D:4      | Found a hide-covered altar of Uskayaw.
  4411 | D:5      | Identified the +8 spear "Ned Ini" {freeze, Fly rElec}
  4600 | D:5      | Reached XP level 8. HP: 61/70 MP: 8/8
  5018 | D:5      | Reached skill level 1 in Invocations
  5263 | D:6      | Reached ** piety under Okawaru
  5781 | D:6      | Found Uceid's Hydra Hut.
  5782 | D:6      | Noticed an eight-headed hydra
  6440 | D:6      | Reached XP level 9. HP: 72/81 MP: 11/11
  6725 | D:6      | Found Guz Piov's Assorted Antiques.
  6731 | D:6      | Bought a dark potion for 29 gold pieces
  6731 | D:6      | Bought a silvery potion for 29 gold pieces
  6860 | D:7      | Noticed Maggie
  6865 | D:7      | Killed Maggie
  7213 | D:7      | Found an ornate altar of the Wu Jian Council.
  7224 | D:7      | Found Ereu's Antique Weapon Boutique.
  7284 | D:7      | Reached *** piety under Okawaru
  7727 | D:7      | Reached skill level 10 in Unarmed Combat
  8144 | D:8      | Found a hazy altar of Hepliaklqana.
  8422 | D:8      | Reached skill level 10 in Fighting
  8607 | D:8      | Found a glowing silver altar of Zin.
  8717 | D:8      | Reached XP level 10. HP: 92/93 MP: 12/12
  8989 | D:8      | Found a radiant altar of Vehumet.
  9081 | D:8      | Found an ancient bone altar of Kikubaaqudgha.
  9390 | D:9      | Found a blossoming altar of Fedhas.
  9500 | D:9      | Reached **** piety under Okawaru
  9508 | D:9      | Reached skill level 1 in Evocations
  9835 | D:9      | Noticed a rust devil
 10206 | D:9      | Noticed an orange demon
 10231 | D:9      | Killed an orange demon
 10803 | D:9      | Killed a rust devil
 10909 | D:10     | Entered Level 10 of the Dungeon
 11074 | D:10     | Reached skill level 5 in Invocations
 11246 | D:10     | Noticed a two-headed ogre
 11262 | D:10     | Killed a two-headed ogre
 11509 | D:10     | Found Bakhlock's Magic Scroll Boutique.
 11512 | D:10     | Bought a scroll of identify for 22 gold pieces
 11595 | D:10     | Reached XP level 11. HP: 99/99 MP: 15/15
 11626 | D:10     | Noticed Urug
 11642 | D:10     | Killed Urug
 11643 | D:10     | Reached skill level 5 in Shapeshifting
 12093 | D:10     | Noticed a white ugly thing
 12093 | D:10     | Noticed a boulder beetle
 12093 | D:10     | Noticed a deep elf pyromancer
 12105 | D:10     | Killed a deep elf pyromancer
 12106 | D:10     | Reached skill level 5 in Evocations
 12116 | D:10     | Killed a boulder beetle
 12116 | D:10     | Reached ***** piety under Okawaru
 12119 | D:10     | Killed a white ugly thing
 12817 | D:10     | Identified the +7 dire flail "Hiypuylo" {heavy, Str+2
                  | Dex+3}
 12900 | D:10     | Found a snail-covered altar of Cheibriados.
 13462 | D:11     | Found a gate leading to a gauntlet.
 13466 | Gauntlet | Entered a Gauntlet
 13466 | Gauntlet | Found a transporter.
 13466 | Gauntlet | Found a transporter.
 13466 | Gauntlet | Found a transporter.
 13467 | Gauntlet | Noticed a death scarab
 13478 | Gauntlet | Found a transporter.
 13479 | Gauntlet | Found a transporter.
 13482 | Gauntlet | Found a transporter.
 13485 | Gauntlet | Noticed a soul eater
 13486 | Gauntlet | Noticed a necromancer
 13488 | Gauntlet | Found a transporter.
 13491 | Gauntlet | Found a transporter.
 13493 | Gauntlet | Found a transporter.
 13493 | Gauntlet | Found a transporter.
 13496 | Gauntlet | Noticed a thrashing horror
 13498 | Gauntlet | Noticed a thrashing horror
 13501 | Gauntlet | Found the dreamshard necklace {Acrobat *Dream}
 13502 | Gauntlet | Found a transporter.
 13506 | Gauntlet | Found a transporter.
 13915 | Gauntlet | Killed a soul eater
 13954 | Gauntlet | Identified the amulet of Siqei {Reflect *Corrode rF-
                  | Will+++ SH+5 SInv}
 13973 | Gauntlet | Identified the +1 rapier of the Nurturing Jester {elec,
                  | rPois} (Okawaru gifted it to you in a Gauntlet)
 13973 | Gauntlet | Received a gift from Okawaru
 14098 | Gauntlet | Noticed a minotaur
 14111 | Gauntlet | HP: 4/101 [minotaur/+5 heavy glaive (3)]
 14112 | Gauntlet | Killed a minotaur
 14326 | Gauntlet | Got Vehumet's Handbook of Blazing Arcane Combat
 14328 | Gauntlet | Identified the +3 ring mail of Apathy {-Tele rPois Int+5}
 14387 | D:11     | Identified the +7 broad axe of Wu Jian's Castigation
                  | {heavy, rC- rN+++ rCorr Stlth+}
 14556 | D:11     | Found a staircase to the Orcish Mines.
 14636 | D:11     | Found a staircase to the Lair.
 14640 | D:11     | Noticed Lodul
 14783 | D:11     | Identified the +3 whip "Beakeug" {spect, rPois Will+ Int+2}
 14996 | D:11     | Reached XP level 12. HP: 110/110 MP: 18/18
 15293 | Lair:1   | Entered Level 1 of the Lair of Beasts
 15897 | D:11     | Killed Lodul
 15897 | D:11     | Received a gift from Okawaru
 16145 | Lair:1   | Found a shimmering altar of Xom.
 17198 | Lair:2   | Noticed a death yak
 17199 | Lair:2   | Noticed a death yak
 17200 | Lair:2   | Noticed a death yak
 17228 | Lair:1   | Killed a death yak
 17228 | Lair:1   | Received a gift from Okawaru
 17548 | Lair:2   | Noticed a death yak
 17559 | Lair:2   | Noticed Erica
 17574 | Lair:2   | Killed Erica
 17619 | Lair:2   | Noticed a death yak
 17791 | Lair:3   | Noticed a seven-headed hydra
 17797 | Lair:3   | Killed a seven-headed hydra
 18348 | Lair:3   | Noticed a five-headed hydra
 18352 | Lair:3   | Killed a five-headed hydra
 18352 | Lair:3   | Reached ****** piety under Okawaru
 18500 | Lair:3   | Identified the scarf of Caseif {shadows, Rampage} (Okawaru
                  | gifted it to you on level 3 of the Lair of Beasts)
 18500 | Lair:3   | Received a gift from Okawaru
 18599 | Lair:3   | Reached XP level 13. HP: 97/122 MP: 19/19
 18742 | Lair:3   | Found the +5 glaive of the Guard {elec, spectral, AC+5}
 19221 | Lair:3   | Found a staircase to the Snake Pit.
 19514 | Lair:4   | Found a staircase to the Slime Pits.
 19514 | Lair:4   | Found a viscous altar of Jiyva.
 19553 | Lair:4   | Reached skill level 5 in Dodging
 20298 | Lair:5   | Entered Level 5 of the Lair of Beasts
 21047 | Lair:5   | Noticed Josephine
 21086 | Lair:5   | Killed Josephine
 21637 | Lair:5   | Noticed a dire elephant
 21640 | Lair:5   | Noticed a dire elephant
 21648 | Lair:5   | Noticed a dire elephant
 21690 | Lair:5   | Killed a dire elephant
 21764 | Lair:5   | Identified the +9 great mace "Mufakos" {freeze, rElec Will-
                  | rCorr Dex+3} (Okawaru gifted it to you on level 5 of the
                  | Lair of Beasts)
 21764 | Lair:5   | Received a gift from Okawaru
 21875 | Lair:5   | Noticed a dire elephant
 22443 | Lair:4   | Killed a dire elephant
 22476 | Lair:5   | Killed a dire elephant
 22567 | Lair:5   | Killed a dire elephant
 22575 | Lair:5   | Reached skill level 15 in Fighting
 22575 | Lair:5   | Gained mutation: Your tail ends in a venomous barb. [Green
                  | Draconian growth]
 22575 | Lair:5   | Reached XP level 14. HP: 110/135 MP: 20/20
 23073 | Lair:5   | Gained mutation: Your spells are a little easier to cast,
                  | but a little less powerful. [a neqoxec]
 24964 | Lair:4   | Received a gift from Okawaru
 25864 | Lair:2   | Found a staircase to the Shoals.
 26376 | Lair:2   | Found a staircase to the Shoals.
 26904 | Orc:1    | Entered Level 1 of the Orcish Mines
 27305 | Orc:1    | You fall into a shaft and drop 1 floor!
 27305 | Orc:2    | Entered Level 2 of the Orcish Mines
 27329 | Orc:2    | Received a gift from Okawaru
 27360 | Orc:2    | Reached skill level 10 in Shapeshifting
 28122 | Orc:2    | Identified the +0 pair of boots of Cuefamir {Regen+ MP+9
                  | Stlth+} (Okawaru gifted it to you on level 2 of the Orcish
                  | Mines)
 28122 | Orc:2    | Received a gift from Okawaru
 28209 | Orc:2    | Found Angoagad's General Store.
 28210 | Orc:2    | Found Nekhluurio's Assorted Antiques.
 28210 | Orc:2    | Found Anom's Antique Armour Shop.
 28210 | Orc:2    | Found Wequkkuen's Distillery.
 28808 | Orc:2    | Found a staircase to the Elven Halls.
 29438 | Orc:2    | Found a staircase to the Elven Halls.
 29586 | Orc:2    | Found Wequkkuen's Distillery.
 29620 | Orc:2    | Found Anom's Antique Armour Shop.
 29620 | Orc:2    | Found Nekhluurio's Assorted Antiques.
 29621 | Orc:2    | Found Angoagad's General Store.
 30539 | D:11     | Found a staircase to the Orcish Mines.
 30604 | D:11     | Found a staircase to the Lair.
 31529 | D:12     | Reached XP level 15. HP: 140/140 MP: 21/21
 31981 | D:12     | Identified the +3 broad axe of Patterns {flame, rPois rF+
                  | Int+3}
 34666 | D:14     | Received a gift from Okawaru
 35001 | D:14     | Found a gate to the Vaults.
 35702 | D:15     | Entered Level 15 of the Dungeon
 35871 | D:15     | Received a gift from Okawaru
 35926 | D:15     | Found a shimmering blue altar of Sif Muna.
 35946 | D:15     | Got Sif Muna's Precepts of Bedrock
 36271 | D:15     | Found a staircase to the Depths.
 36338 | D:15     | Reached skill level 15 in Shapeshifting
 36358 | D:15     | Received a gift from Okawaru
 36512 | D:14     | Noticed a tengu reaver
 36530 | D:14     | HP: 6/205 [tengu reaver/+2 war axe of electrocution (10)]
 36531 | D:14     | Mangled by a tengu reaver

Illustrated notes

Levels and vault maps discovered:
D:1:      dpeg_arrival_arbitrary_c, layout_rooms, minmay_domino_2
D:2:      layout_basic, chequers_ecumenical_altar_grove
D:3:      layout_basic, gammafunk_ghost_split, uniq_grinder, uniq_ijyb,
          uniq_terence, uniq_crazy_yiuf_cottage
D:4:      layout_cave_pools, gammafunk_temple_overflow_elements,
          minmay_temple_entry_grid, uniq_edmund
D:5:      layout_loops_ring, serial_co_window_serial, co_window_paths_b,
          co_window_corner_a, co_window_corner_a, co_window_paths_b,
          co_window_corner_a, co_window_2corner, co_window_unsneaky_path_d,
          co_window_unsneaky_path_e, co_window_broadway_a,
          co_window_of_opportunity_b, co_window_broadway_a, co_window_4corner_a,
          co_window_sun
D:6:      layout_loops_corners, serial_shops, shop, doesnt_shop_hydraphobe
D:7:      layout_basic, overflow_temple_1_default, serial_shops, shop,
          nicolae_concentric_dashed_squares_mild, uniq_maggie
D:8:      layout_basic, kennysheep_mini_moat, kennysheep_mini,
          mainiacjoe_overflow_big_doors, minmay_fractal_squares_diagonal_5
D:9:      layout_basic, fedhas_ov_isle_minmay, nrook_mini_backslash,
          nicolae_neqoxec_dot_bat
D:10:     minmay_the_grid_triangle_9x9_recursive_2
          [minmay_the_grid_triangle_9x9_prize_insulated,
          minmay_the_grid_triangle_9x9_cache,
          minmay_the_grid_triangle_9x9_stretched_checkered,
          minmay_the_grid_triangle_9x9_dagger], layout_small_grid,
          mainiacjoe_overflow_24_doors, serial_shops, nicolae_shop_behind_doors,
          columned_hall_lemuel, uniq_urug
D:11:     layout_stronghold, lair_entry_dummy, hiddenorc2_lemuel,
          gauntlet_entry_generic, uniq_lodul
D:12:     layout_stronghold, minmay_misc_feat_alley
D:13:     layout_irregular_city
D:14:     minmay_diamond_stairs, layout_long_grid,
          skrybe_vaults_entry_preservation, amcnicky_mini_rare_corridor_liquid
D:15:     hellmonk_depths_entry_around_the_bend, layout_gridville,
          glass_columns_c, led_sif_book
Temple:   dshaligram_water_room_temple
Lair:1:   layout_layer_cave, lemuel_centaur_altar
Lair:2:   layout_hall_layers, shoals_dummy_entry, uniq_erica
Lair:3:   layout_hall_layers, nicolae_snake_entry_squirm, ice2_lemuel
Lair:4:   onia_ninara_swampy_vault, layout_cave_pods, slime_entry_1
Lair:5:   due_jungle_book, layout_gridlike, grunt_megastairs_4, uniq_josephine
Orc:1:    layout_caves
Orc:2:    st_orc_ogre_mass, layout_caves

Skill      XL: |  1  2  3  4  5  6  7  8  9 10 11 12 13 14 15 |
---------------+----------------------------------------------+-----
Fighting       | 2 3 4 6 7 10 11 13 15 | 15.0
Unarmed Combat | 4 5 7 8 9 11 12 14 | 14.8
Invocations    | 3 5 8 |  8.0
Evocations     | 4 5 |  5.1
Shapeshifting  | 4 7 8 11 15 | 15.0
Dodging        | 4 7 8 |  8.5

Action                     |  1- 3 |  4- 6 |  7- 9 | 10-12 | 13-15 || total
---------------------------+-------+-------+-------+-------+-------++-------
  Melee: Unarmed           |    98 |   123 |   275 |   552 |  1012 ||  2060
         Tailslap          |    13 |    12 |    32 |    93 |   208 ||   358
         Punch             |     5 |     3 |    13 |    50 |   122 ||   193
         Spear             |       |       |       |       |     4 ||     4
         Bite              |       |       |       |       |    13 ||    13
  Throw: Dart              |       |       |     3 |     1 |     2 ||     6
         Javelin           |       |       |       |     1 |       ||     1
 Invoke: Heroism           |       |       |     1 |     4 |     8 ||    13
         Finesse           |       |       |       |     1 |     1 ||     2
Ability: Breathe Noxious F |       |       |     7 |    25 |    35 ||    67
  Evoke: Wand              |       |       |     1 |     3 |    14 ||    18
         Lightning rod     |       |       |       |     6 |       ||     6
         Condenser vane    |       |       |       |       |     2 ||     2
    Use: Potion            |       |     1 |       |       |     5 ||     6
         Scroll            |       |       |     5 |     9 |    12 ||    26
   Stab: Sleeping          |     2 |       |       |     1 |       ||     3
         Confused          |       |       |     6 |    17 |    20 ||    43
         Invisible         |       |       |       |     5 |    11 ||    16
 Armour: Skin              |    29 |    38 |    32 |    85 |   305 ||   489
  Dodge: Dodged            |    69 |    94 |   165 |   355 |   809 ||  1492
  Block: Other             |       |       |       |    28 |    41 ||    69
         Reflection        |       |       |       |       |     1 ||     1
   Form: Dragon            |       |       |       |       |     1 ||     1

Table legend: (Time is in decaauts)
 A = Elapsed time spent in this place.
 B = Non-inter-level travel time spent in this place.
 C = Inter-level travel time spent in this place.
 D = Time resting spent in this place.
 E = Time spent auto-exploring this place.
 F = Levels seen in this place.
 G = Mean time per level.
                   A        B        C        D        E       F      G
               +--------+--------+--------+--------+--------+-----+--------+
         Total |  36112 |  34132 |   1980 |  12192 |  16204 |  24 | 1504.7 |
       Dungeon |  21238 |  20271 |    967 |   6365 |  10600 |  15 | 1415.9 |
        Temple |     32 |     32 |      0 |      0 |      0 |   1 |   32.0 |
          Lair |  11093 |  10142 |    951 |   4049 |   4275 |   5 | 2218.6 |
  Orcish Mines |   2880 |   2818 |     62 |   1228 |   1167 |   2 | 1440.0 |
      Gauntlet |    866 |    866 |      0 |    550 |    162 |   1 |  866.0 |
               +--------+--------+--------+--------+--------+-----+--------+

Top non-repeatable levels by time:
  Lair:5: 3043 daAuts
  Lair:4: 3028 daAuts
    D:11: 2755 daAuts
    D:10: 2478 daAuts
   Orc:2: 2324 daAuts
  Lair:1: 1953 daAuts
     D:9: 1848 daAuts
    D:14: 1844 daAuts
     D:5: 1613 daAuts
     D:3: 1580 daAuts
     D:6: 1568 daAuts
  Lair:3: 1543 daAuts
  Lair:2: 1525 daAuts
    D:13: 1397 daAuts
     D:8: 1249 daAuts
